 Dungeon Crawl Stone Soup version 0.30.1-3-gfc49f6343a (webtiles) character file.

Game seed: 8663717576947525605

107 Strat the Digger (level 4, -6/26 HPs)
             Began as a Gargoyle Earth Elementalist on July 19, 2023.
             Mangled by a gnoll
             ... wielding a +0 spear
              (7 damage)
             ... on level 3 of the Dungeon.
             The game lasted 00:05:09 (2158 turns).

Strat the Digger (Gargoyle Earth Elementalist)      Turns: 2158, Time: 00:05:10

Health: -6/26      AC:  5    Str: 12    XL:     4   Next: 86%
Magic:  7/7        EV: 11    Int: 17    God:
Gold:   90         SH:  0    Dex: 10    Spells: 2/8 levels left

rFire   . . .        a - +6 short sword (speed)
rCold   . . .        (no shield)
rNeg    + . .        m - +0 robe
rPois   ∞            (no helmet)
rElec   +            (no cloak)
rCorr   .            (no gloves)
SInv    .            (no boots)
Will    .....        (no amulet)
Stlth   ++           (no ring)
HPRegen 0.24/turn    (no ring)
MPRegen 0.10/turn

%: no passive effects
@: no status effects
A: sickness immunity, AC +3, negative energy resistance 1, electricity
resistance, torment resistance 1, petrification resistance
a: no special abilities


You were on level 3 of the Dungeon.
You visited 1 branch of the dungeon, and saw 3 of its levels.

You collected 90 gold pieces.

Inventory:

Hand Weapons
 a - a +6 short sword of speed (weapon)
 n - a +0 dagger of venom
Armour
 m - a +0 robe (worn)
Scrolls
 c - a scroll of butterflies {unknown}
 e - a scroll of silence {unknown}
 g - a scroll of enchant weapon {unknown}
 j - a scroll of identify
 k - a scroll of immolation {unknown}
 l - a scroll of fear {unknown}
 o - a scroll of fog {unknown}
Potions
 d - a potion of might
 f - a potion of heal wounds {unknown}
 h - a potion of cancellation {unknown}
 i - a potion of degeneration {unknown}


   Skills:
 + Level 1.9 Fighting
 - Level 1.5 Dodging
 - Level 2.1 Stealth
 + Level 2.6 Spellcasting
 - Level 0.7 Transmutations
 + Level 5.5 Earth Magic


You had 2 spell levels left.
You knew the following spells:

 Your Spells              Type           Power      Damage    Failure   Level
a - Sandblast             Erth           42%        2d11      1%          1
b - Stone Arrow           Conj/Erth      22%        3d8       17%         3
c - Passwall              Tmut/Erth      10%        N/A       8%          2

Your spell library contained the following spells:

 Spells                   Type           Power      Damage    Failure   Level
 Ensorcelled Hibernation  Hex/Ice        4%         N/A       28%         2
 Petrify                  Tmut/Erth      12%        N/A       45%         4
 Swiftness                Air            2%         N/A       50%         3


Dungeon Overview and Level Annotations

Branches:
Dungeon (3/15)

Altars:
Okawaru


Innate Abilities, Weirdness & Mutations

You are immune to sickness and miasma.
Your stone body is resilient. (AC +3)
You are immune to poison.
You resist negative energy. (rN+)
You are resistant to electric shocks. (rElec)
You are resistant to unholy torment.
You are immune to petrification.


Message History

The orc priest closely misses you. The orc hits you but does no damage.
The orc barely misses you. The orc hits you with a +0 club.
The orc priest looks encouraged for a moment.
The gnoll hits you from afar with a +0 spear.
The orc hits you with a +0 mace.
* * * LOW HITPOINT WARNING * * *
Casting: Sandblast (safe; 1% risk of failure)
Confirm with . or Enter, or press ? or * to list all spells.
Aiming: Sandblast (safe; 1% risk of failure)
Press: ? - help, Shift-Dir - straight line, f/p - orc priest
Aim: an orc priest, wielding a +0 short sword and wearing a +0 leather armour (heavily wounded, 83% to hit)
The blast of sand hits the orc priest!
You kill the orc priest!
The orc hits you but does no damage. x2; The gnoll barely misses you.
As you read the scroll labelled BARHUBL XAETEIW, it crumbles to dust.
It is a scroll of identify.
d - a potion of might The orc hits you with a +0 club.
* * * LOW HITPOINT WARNING * * *
The orc closely misses you.
The gnoll hits you from afar with a +0 spear.
* * * LOW HITPOINT WARNING * * *
Magic courses through your body. The orc hits you with a +0 club.
* * * LOW HITPOINT WARNING * * *
The gnoll hits you from afar with a +0 spear.
* * * LOW HITPOINT WARNING * * *
The orc hits you with a +0 mace.
* * * LOW HITPOINT WARNING * * *
Casting: Sandblast (safe; 1% risk of failure)
Confirm with . or Enter, or press ? or * to list all spells.
Aiming: Sandblast (safe; 1% risk of failure)
Press: ? - help, Shift-Dir - straight line, f - gnoll
Aim: a gnoll, wielding a +0 spear (85% to hit)
The blast of sand hits the gnoll!
The gnoll is heavily wounded.
The orc hits you with a +0 club.
* * * LOW HITPOINT WARNING * * *
The orc closely misses you.
The gnoll hits you from afar with a +0 spear!
You die...

###########
#..@......#
#.oo).....#
########
#...g..)..#
#......#
#.........#
#......#
#####$...##
#......# .##.#
#......# .. ...
######<##### ...
.#
#[.....)...##...
#.


You could see a gnoll and 2 orcs.

Vanquished Creatures
  An orc priest (D:3)
  2 gnolls (D:3)
  An adder (D:2)
  A worm (D:2)
  2 dart slugs (D:1)
  An orc (D:3)
  5 ball pythons
  2 endoplasms (D:1)
  3 giant cockroaches
  A goblin (D:1)
  4 hobgoblins (D:1)
  A quokka (D:1)
  6 bats
  6 frilled lizards
  6 kobolds
  A rat (D:1)
43 creatures vanquished.

Notes
Turn   | Place    | Note
-------+----------+-------------------------------------------
     0 | D:1      | Strat the Gargoyle Earth Elementalist began the quest for
                  | the Orb.
     0 | D:1      | Reached XP level 1. HP: 10/10 MP: 3/3
   135 | D:1      | Reached skill level 4 in Earth Magic
   235 | D:1      | Reached XP level 2. HP: 15/15 MP: 3/5
   616 | D:1      | Reached XP level 3. HP: 19/19 MP: 3/6
   628 | D:1      | Reached skill level 5 in Earth Magic
  1335 | D:2      | Found a faded altar of an unknown god.
  1927 | D:2      | Found an iron altar of Okawaru.
  1963 | D:2      | Reached skill level 1 in Fighting
  2063 | D:3      | Learned a level 3 spell: Stone Arrow
  2066 | D:3      | Learned a level 2 spell: Passwall
  2086 | D:3      | Reached XP level 4. HP: 25/25 MP: 4/7
  2158 | D:3      | HP: 1/26 [orc/+0 club (4)]
  2158 | D:3      | Mangled by a gnoll

Illustrated notes

Levels and vault maps discovered:
D:1:      co_arrival_random_square_maze, layout_loops_cross,
          serial_bayou_pond_d, serial_bayou_lake_a
D:2:      layout_basic, basic_altar, hellmonk_ecumenical_altar_lost_god,
          nicolae_figureground_pulse
D:3:      layout_rooms, uniq_jessica

Skill      XL: |  1  2  3 |
---------------+----------+-----
Earth Magic    | 4 5 |  5.5
Fighting       | 1 |  1.9
Dodging        | |  1.5
Stealth        | |  2.1
Spellcasting   | |  2.6
Transmutations | |  0.7

Action                     |  1- 3 |  4- 6 || total
---------------------------+-------+-------++-------
  Melee: Short sword       |     4 |       ||     4
   Cast: Sandblast         |    54 |    10 ||    64
    Use: Scroll            |       |     1 ||     1
         Potion            |       |     1 ||     1
   Stab: Sleeping          |     1 |       ||     1
 Armour: Robe              |     9 |     4 ||    13
  Dodge: Dodged            |    11 |     7 ||    18
